 Dungeon Crawl Stone Soup version 0.18.1-48-g4cf74bf (webtiles) character file.

13455 dvd the Nimble (level 11, 0/74 HPs)
             Began as a Demonspawn Gladiator on July 19, 2016.
             Was a High Priest of Okawaru.
             Killed by vampiric draining
             ... invoked by a vampire
              (13 damage)
             ... on level 11 of the Dungeon.
             The game lasted 00:39:34 (10568 turns).

dvd the Nimble (Demonspawn Gladiator)              Turns: 10568, Time: 00:39:35

Health: 0/74       AC: 22    Str: 21    XL:     11   Next: 75%
Magic:  20/20      EV: 12    Int: 12    God:    Okawaru [*****.]
Gold:   411        SH:  0    Dex: 13    Spells: 2 memorised, 19 levels left

rFire  + + .     SeeInvis +     W - +2 quarterstaff of Pride {flame, +Blink}
rCold  + + .     Gourm    .     S - +2 chain mail {rC+}
rNeg   . . .     Faith    .     (shield currently unavailable)
rPois  .         Spirit   .     U - +2 hat {MR+}
rElec  .         Dismiss  .     k - +1 cloak
rCorr  .         Reflect  .     q - +0 pair of gloves
SustAt .         Harm     .     (no boots)
MR     +....                    e - amulet of magic regeneration
Stlth  ..........               l - ring of see invisible
                                Q - ring of protection from cold

@: very slightly contaminated, drained, somewhat resistant to hostile
enchantments, extremely unstealthy
A: claws 1, rough black scales 2, blurry vision 2, clever 1, fire resistance 2,
frail 1, sense surroundings 1, spiny 2, strong 2, wild magic 1
a: Heroism, Finesse, Renounce Religion, Evoke Blink


You were on level 11 of the Dungeon.
You worshipped Okawaru.
Okawaru was extremely pleased with you.
You were hungry.

You visited 2 branches of the dungeon, and saw 12 of its levels.

You collected 576 gold pieces.
You spent 165 gold pieces at shops.

Inventory:

Hand Weapons
 a - a +5 quarterstaff
 s - a +4 spear of piercing
 x - a +0 flail of draining
 B - a +1 hunting sling of evasion
 W - the +2 quarterstaff of Pride (weapon) {flame, +Blink}
   (Okawaru gifted it to you on level 9 of the Dungeon)

   It has been specially enchanted to burn those struck by it, causing extra
   injury to most foes and up to half again as much damage against particularly
   susceptible opponents.
   It lets you blink.
 X - a +1 antimagic flail
Missiles
 d - 3 throwing nets
 R - 7 javelins (quivered)
 Z - 2 tomahawks of dispersal
Armour
 j - a +2 helmet
 k - a +1 cloak (worn)
 q - a +0 pair of gloves (worn)
 C - a +2 shield
 D - a +2 large shield
 S - a +2 chain mail of cold resistance (worn)
 U - a +2 hat of magic resistance (worn)
Jewellery
 e - an amulet of magic regeneration (around neck)
 l - a ring of see invisible (right hand)
 p - an uncursed ring of resist corrosion
 u - an uncursed ring of protection from fire
 Q - a ring of protection from cold (left hand)
Wands
 i - a wand of polymorph (13/24)
 G - a wand of flame (16/48)
 I - a wand of flame (33/48)
 K - a wand of digging (7/24)
 N - a wand of lightning (10/15)
 P - a wand of hasting (2/9)
Scrolls
 v - 5 scrolls of identify
 E - 4 scrolls of recharging
 J - a scroll of fog
 Y - a scroll of blinking
Potions
 c - a potion of cure mutation {unknown}
 r - a potion of agility
 t - 3 potions of curing
 z - a potion of heal wounds
 A - a potion of magic
 H - 2 potions of brilliance
 L - a potion of haste
 O - a potion of flight
 T - a potion of ambrosia
Books
 n - a book of Cantrips

   Spells                             Type                      Level
   a - Corona                         Hexes                        1
   b - Animate Skeleton               Necromancy                   1
   c - Summon Small Mammal            Summoning                    1
   d - Apportation                    Translocation                1
 w - a Young Poisoner's Handbook

   Spells                             Type                      Level
   a - Sting                          Conjuration/Poison           1
   b - Cure Poison                    Poison                       2
   c - Mephitic Cloud                 Conjuration/Poison/Air       3
   d - Olgreb's Toxic Radiance        Poison                       4
   e - Venom Bolt                     Conjuration/Poison           5
Comestibles
 b - 11 chunks of flesh
 f - 7 bread rations
 g - 3 royal jellies
 h - 7 meat rations
 m - 19 fruits
 o - a beef jerky


   Skills:
 + Level 6.4(6.2) Fighting
 + Level 7.2(7.0) Staves
 + Level 3.3(3.2) Throwing
 + Level 0.8(0.6) Armour
 + Level 9.9(9.7) Dodging
 + Level 5.0(4.8) Stealth
 + Level 0.1(0.0) Shields
 + Level 6.4(6.2) Spellcasting
 + Level 5.3(5.1) Conjurations
 + Level 5.9(5.7) Poison Magic
 + Level 4.4(4.2) Invocations


You had 19 spell levels left.
You knew the following spells:

 Your Spells              Type           Power        Failure   Level  Hunger
a - Sting                 Conj/Pois      ###.         28%         1    None
b - Cure Poison           Pois           ###.......   38%         2    ##.....


Dungeon Overview and Level Annotations

Branches:
Dungeon (11/15)            Temple (1/1) D:4            Lair (0/8) D:8
    Orc: D:9-12

Altars:
Ashenzari
Cheibriados
Dithmenos
Elyvilon
Fedhas
Gozag
Kikubaaqudgha
Makhleb
Nemelex Xobeh
Okawaru
Pakellas
Qazlal
Ru
Sif Muna
Trog
Vehumet
Xom
Yredelemnul
Zin
The Shining One

Shops:
D:8 =   D:10 *

Annotations:
D:5 TBriggs11TB's ghost, novice DrBe
D:6 exclusion: oklob plant


Innate Abilities, Weirdness & Mutations

You have sharp fingernails.
You are mostly covered in rough black scales (AC +7, Dex -2).
Your flesh is very heat resistant.
You are mostly covered in sharp spines.
Scrolls take you longer to read.
Your mind is acute. (Int +2)
You are frail (-10% HP).
You passively map a small area around you.
Your muscles are very strong. (Str +4)
Your spells are a little harder to cast, but a little more powerful.


Message History

The hill giant is heavily wounded.
You feel like a meek peon again.
You hit the hill giant. You burn the hill giant.
The hill giant is severely wounded.
The vampire is infused with unholy energy.
* * * LOW HITPOINT WARNING * * *
The vampire draws life force from you and is healed!
The hill giant is struck by your spines.
The hill giant misses you.
Drink which item? (? for menu, Esc to quit)
You feel much better. The vampire is struck by your spines.
The vampire barely misses you. The vampire closely misses you.
The hill giant is struck by your spines.
The hill giant hits you with a giant spiked club!!
* * * LOW HITPOINT WARNING * * *
You hit the hill giant. You burn the hill giant.
You kill the hill giant!
Okawaru is honoured by your kill.
The vampire is infused with unholy energy.
You die...

.......<........ ,
, ...#####........*
, * * #...##### *
#...# * * #...#
#...########## *
####....)........
........).......$ ,
,
........))@)......
.######....V......,
, #........... , **
#........... , * ,
, ............. ,
..............
*..#######...... ,
.. , , ...... , ,
,, ,


You could see a vampire.

Vanquished Creatures
  Gastronok (D:9)
  The ghost of TBriggs11TB the Fighter, a novice MiGl of Makhleb (D:10)
  Erolcha (D:8)
  Erica (D:10)
  Nergalle (D:10)
  3 hill giants
  The ghost of Trysia the Protected, a novice MiBe of Trog (D:6)
  Pikel (D:9)
  Joseph (D:7)
  A centaur skeleton (D:8)
  A troll (D:8)
  2 two-headed ogres
  Prince Ribbit (D:7)
  Grinder (D:6)
  A wraith (D:9)
  Eustachio (D:6)
  2 hungry ghosts (D:7)
  Edmund (D:6)
  3 ice beasts
  2 black bears
  8 orc warriors
  An eye of draining (D:9)
  3 phantoms
  A slave (D:9)
  3 sky beasts
  4 ogres
  2 centaurs
  A big kobold (D:9)
  7 giant frogs
  A gnoll sergeant (D:8)
  A wyvern skeleton (D:7)
  10 scorpions
  2 howler monkeys (D:10)
  A centaur zombie (D:8)
  3 hounds
  3 orc priests
  2 jellies
  6 orc wizards
  2 giant frog skeletons
  A giant frog zombie (D:7)
  2 iguanas
  8 worker ants
  2 hound zombies
  15 gnolls
  A worker ant zombie (D:7)
  7 adders
  2 howler monkey skeletons
  4 shadow imps
  An adder skeleton (D:6)
  2 worms
  A dart slug (D:1)
  3 giant geckos
  40 orcs
  4 ball pythons
  5 giant cockroaches
  7 goblins
  4 hobgoblins
  6 kobolds
  10 quokkas
  10 bats
  2 giant gecko skeletons
  A giant newt (D:1)
  A jackal zombie (D:8)
  A quokka skeleton (D:5)
  A quokka zombie (D:9)
  5 rats
234 creatures vanquished.

Vanquished Creatures (others)
  A slave (D:9)
  An adder (D:9)
  A fungus (D:6)
  2 plants (D:6)
5 creatures vanquished.

Grand Total: 239 creatures vanquished

Notes
Turn   | Place    | Note
--------------------------------------------------------------
     0 | D:1      | dvd the Demonspawn Gladiator began the quest for the Orb.
     0 | D:1      | Reached XP level 1. HP: 16/16 MP: 1/1
   106 | D:1      | Found a sparkling altar of Nemelex Xobeh.
   691 | D:1      | Reached skill level 3 in Dodging
   699 | D:1      | Gained mutation: You are partially covered in rough black scales (AC +4, Dex -1). [demonic ancestry]
   699 | D:1      | Reached XP level 2. HP: 20/22 MP: 2/2
  1201 | D:2      | Reached XP level 3. HP: 23/27 MP: 3/3
  1221 | D:2      | Reached XP level 4. HP: 24/34 MP: 4/4
  1522 | D:2      | Learned a level 1 spell: Sting
  1806 | D:2      | HP: 1/34 [gnoll (3)]
  2183 | D:3      | Found a faded altar to an unknown god.
  2195 | D:3      | Reached skill level 4 in Dodging
  2237 | D:3      | Gained mutation: You are mostly covered in rough black scales (AC +7, Dex -2). [demonic ancestry]
  2237 | D:3      | Reached XP level 5. HP: 33/39 MP: 5/5
  2364 | D:3      | Found a sacrificial altar of Ru.
  2415 | D:3      | Learned a level 1 spell: Sting
  3042 | D:4      | Found a staircase to the Ecumenical Temple.
  3076 | D:4      | Reached skill level 1 in Spellcasting
  3076 | D:4      | Gained mutation: You are partially covered in sharp spines. [demonic ancestry]
  3076 | D:4      | Reached XP level 6. HP: 38/46 MP: 2/7
  3128 | Temple   | Entered the Ecumenical Temple
  3273 | Temple   | Became a worshipper of Warmaster Okawaru
  3321 | D:4      | Reached skill level 1 in Conjurations
  3437 | D:4      | Reached skill level 5 in Dodging
  3437 | D:4      | Reached skill level 1 in Stealth
  3668 | D:4      | Reached skill level 1 in Poison Magic
  3699 | D:4      | Learned a level 2 spell: Cure Poison
  3978 | D:4      | Gained mutation: You have sharp fingernails. [demonic ancestry]
  3978 | D:4      | Reached XP level 7. HP: 36/51 MP: 2/10
  4112 | D:4      | Reached * piety under Okawaru
  4226 | D:5      | Entered Level 5 of the Dungeon
  4430 | D:5      | Found a deep blue altar of Sif Muna.
  4610 | D:5      | Noticed TBriggs11TB's ghost (novice DrBe)
  4742 | D:5      | Found a radiant altar of Vehumet.
  4761 | D:5      | Found a white marble altar of Elyvilon.
  4764 | D:5      | Found a shattered altar of Ashenzari.
  4767 | D:5      | Found a basalt altar of Yredelemnul.
  4907 | D:5      | Gained mutation: You are mostly covered in sharp spines. [demonic ancestry]
  4907 | D:5      | Reached XP level 8. HP: 57/57 MP: 8/12
  4932 | D:5      | Reached ** piety under Okawaru
  4932 | D:5      | Reached skill level 1 in Invocations
  5008 | D:5      | Reached skill level 6 in Dodging
  5415 | D:6      | Gained mutation: Your flesh is heat resistant. [mutagenic meat]
  5416 | D:6      | Gained mutation: You are frail (-10% HP). [mutagenic meat]
  5417 | D:6      | Gained mutation: Scrolls take you a little longer to read. [mutagenic meat]
  5418 | D:6      | Gained mutation: Your mind is acute. (Int +2) [mutagenic meat]
  5419 | D:6      | Gained mutation: Your spells are a little harder to cast, but a little more powerful. [mutagenic meat]
  5420 | D:6      | Gained mutation: Your muscles are strong. (Str +2) [mutagenic meat]
  5438 | D:6      | Noticed Trysia's ghost (novice MiBe)
  5487 | D:6      | Noticed Grinder
  5506 | D:6      | Killed Grinder
  5566 | D:6      | Noticed Eustachio
  5603 | D:6      | Killed Eustachio
  5603 | D:6      | Reached XP level 9. HP: 31/57 MP: 10/15
  5620 | D:6      | Noticed Edmund
  5637 | D:6      | Killed Edmund
  5909 | D:6      | Reached skill level 7 in Dodging
  6259 | D:6      | Found a blossoming altar of Fedhas.
  6290 | D:6      | Killed Trysia's ghost
  6290 | D:6      | Reached *** piety under Okawaru
  6295 | D:6      | Noticed an oklob plant
  6384 | D:7      | Noticed Prince Ribbit
  6393 | D:7      | Reached skill level 5 in Spellcasting
  6405 | D:7      | Killed Prince Ribbit
  6542 | D:7      | Reached **** piety under Okawaru
  6954 | D:7      | Noticed Joseph
  6968 | D:7      | Killed Joseph
  6968 | D:7      | Reached skill level 8 in Dodging
  6968 | D:7      | Reached XP level 10. HP: 55/64 MP: 18/18
  7040 | D:7      | Noticed a hill giant
  7048 | D:7      | Killed a hill giant
  7327 | D:7      | Reached skill level 5 in Poison Magic
  7404 | D:7      | Gained mutation: You passively map a small area around you. [potion of mutation]
  7450 | D:7      | Gained mutation: Scrolls take you longer to read. [potion of mutation]
  7450 | D:7      | Gained mutation: Your muscles are very strong. (Str +4) [potion of mutation]
  7498 | D:8      | Found Qathean's Jewellery Shop.
  7502 | D:8      | Bought an uncursed ring of see invisible for 165 gold pieces
  7512 | D:8      | Reached skill level 5 in Staves
  7581 | D:8      | Noticed Erolcha
  7595 | D:8      | Killed Erolcha
  7595 | D:8      | Reached ***** piety under Okawaru
  7856 | D:8      | Reached skill level 5 in Fighting
  8145 | D:8      | Found a staircase to the Lair.
  8544 | D:9      | Noticed Gastronok
  8565 | D:9      | Killed Gastronok
  8565 | D:9      | Reached skill level 9 in Dodging
  8565 | D:9      | Reached skill level 5 in Conjurations
  8565 | D:9      | Gained mutation: Your flesh is very heat resistant. [demonic ancestry]
  8565 | D:9      | Reached XP level 11. HP: 44/72 MP: 19/19
  8712 | D:9      | Found a blossoming altar of Fedhas.
  8762 | D:9      | Noticed Pikel
  8773 | D:9      | Killed Pikel
  8899 | D:9      | Found a bloodstained altar of Trog.
  8915 | D:9      | Received a gift from Okawaru
  8926 | D:9      | Got a polished quarterstaff {god gift}
  8927 | D:9      | Identified the +2 quarterstaff of Pride {flame, +Blink} (Okawaru gifted it to you on level 9 of the Dungeon)
  9211 | D:10     | Entered Level 10 of the Dungeon
  9211 | D:10     | Noticed TBriggs11TB's ghost (novice MiGl)
  9247 | D:10     | Killed TBriggs11TB's ghost
  9429 | D:10     | Noticed a hill giant
  9439 | D:10     | Killed a hill giant
  9797 | D:10     | Noticed Nergalle
  9814 | D:10     | Killed Nergalle
 10024 | D:10     | Found Aprehin's Serpentskin Sales.
 10052 | D:10     | Noticed Erica
 10058 | D:10     | Killed Erica
 10058 | D:10     | Reached skill level 5 in Stealth
 10556 | D:11     | Noticed a hill giant
 10568 | D:11     | Killed a hill giant
 10568 | D:11     | Killed from afar by a vampire

Skill      XL: |  1  2  3  4  5  6  7  8  9 10 11 |
---------------+----------------------------------+-----
Dodging        | 3 4 5 6 8 9 |  9.9
Staves         | 3 4 5 7 |  7.2
Throwing       | 2 3 |  3.3
Spellcasting   | 1 2 3 4 5 6 |  6.4
Conjurations   | 1 3 4 5 |  5.3
Stealth        | 1 2 3 4 5 |  5.0
Poison Magic   | 1 2 3 4 5 |  5.9
Fighting       | 3 4 5 6 |  6.4
Invocations    | 2 3 4 |  4.4
Armour         | |  0.8
Shields        | |  0.1

Action                   |  1- 3 |  4- 6 |  7- 9 | 10-12 || total
-------------------------+-------+-------+-------+-------++-------
Melee: Quarterstaff      |    81 |   130 |    76 |   258 ||   545
       Dagger            |       |    45 |   184 |     2 ||   231
       Punch             |       |       |     2 |       ||     2
Throw: Throwing net      |       |       |     4 |       ||     4
       Javelin           |       |       |       |    16 ||    16
 Cast: Sting             |       |    42 |    75 |    38 ||   155
       Cure Poison       |       |     2 |     2 |     1 ||     5
Invok: Heroism           |       |       |    13 |    15 ||    28
  Use: Scroll            |       |     8 |     3 |     4 ||    15
       Potion            |       |       |     2 |    14 ||    16
 Stab: Sleeping          |       |     1 |     3 |     3 ||     7
  Eat: Chunk             |       |    11 |    20 |    13 ||    44
       Beef jerky        |       |     1 |       |       ||     1
Armor: Robe              |    25 |    65 |    73 |    39 ||   202
       Chain mail        |       |       |       |    36 ||    36
Dodge: Dodged            |    71 |    99 |   168 |   171 ||   509
Block: Large shield      |       |     8 |       |       ||     8
